 Dungeon Crawl Stone Soup version 0.25.0-11-g1f837a76a1 (webtiles) character file.

Game seed: 8677305358670073844

7565 Delamore the Bludgeoner (level 11, -6/60 HPs)
             Began as a Gargoyle Fighter on June 25, 2020.
             Was a High Priest of Okawaru.
             Killed from afar by a wizard (34 damage)
             ... with a crystal spear
             ... on level 9 of the Dungeon.
             The game lasted 00:13:34 (9620 turns).

Delamore the Bludgeoner (Gargoyle Fighter)          Turns: 9620, Time: 00:13:35

Health: -6/60      AC: 18    Str: 22    XL:     11   Next: 17%
Magic:  11/11      EV:  7    Int: 10    God:    Okawaru [*****.]
Gold:   360        SH:  9    Dex:  9    Spells: 10/10 levels left

rFire    + + .     SeeInvis +   y - +6 whip of Wu Jian's Grace {drain, rPois rC+}
rCold    . . .     Gourm    .   c - +0 kite shield
rNeg     + . .     Faith    +   m - +0 fire dragon scales
rPois    ∞         Spirit   .   (no helmet)
rElec    +         Reflect  .   (no cloak)
rCorr    .         Harm     .   (no gloves)
MR       .....                  J - +0 pair of boots
Stlth    ..........             h - amulet of faith
HPRegen  0.20/turn              j - ring of see invisible
MPRegen  0.12/turn              (no ring)

@: no status effects
A: negative energy resistance 1, electricity resistance, unbreathing,
petrification resistance, rot immunity, AC +8
a: Heroism, Finesse, Renounce Religion


You were on level 9 of the Dungeon.
You worshipped Okawaru.
Okawaru was extremely pleased with you.
You were not hungry.

You visited 2 branches of the dungeon, and saw 11 of its levels.
You also visited: Sewer.

You collected 555 gold pieces.
You spent 195 gold pieces at shops.

Inventory:

Hand Weapons
 y - the +6 whip of Wu Jian's Grace (weapon) {drain, rPois rC+}
   (You bought it in a shop on level 7 of the Dungeon)

   A truly terrible weapon, it drains the life of those it strikes.
   It protects you from cold.
   It protects you from poison.
Missiles
 Q - a throwing net (quivered)
Armour
 b - a +0 scale mail
 c - a +0 kite shield (worn)
 e - a +0 chain mail
 m - +0 fire dragon scales (worn)
 J - a +0 pair of boots (worn)
 L - the +2 cloak of the Thief {+Fog Slay-2 SInv Stlth+}
   (You found it on level 8 of the Dungeon)

   It affects your accuracy and damage with ranged weapons and melee attacks
   (-2).
   It lets you see invisible.
   It makes you more stealthy.
Jewellery
 h - an amulet of faith (around neck)
 j - a ring of see invisible (left hand)
 o - an uncursed amulet of guardian spirit
 v - an uncursed ring of fire
 B - an uncursed ring of flight
 M - a cursed -4 ring of strength {unknown}
Wands
 N - a wand of clouds (6)
Scrolls
 a - 4 scrolls of magic mapping
 g - 4 scrolls of remove curse
 p - a scroll of fear {unknown}
 s - 5 scrolls of teleportation {unknown}
 u - a scroll of enchant weapon {unknown}
 w - a scroll of noise {unknown}
 x - a scroll of brand weapon {unknown}
 A - a scroll of enchant armour {unknown}
 F - a scroll of random uselessness
 G - 2 scrolls of blinking
 I - a scroll of immolation {unknown}
 K - 2 scrolls of identify
Potions
 d - 3 potions of might
 i - a potion of mutation {unknown}
 k - 2 potions of berserk rage {unknown}
 l - 6 potions of curing
 n - 4 potions of haste {unknown}
 q - 2 potions of ambrosia
 r - a potion of resistance {unknown}
 t - a potion of heal wounds {unknown}
 z - a potion of degeneration {unknown}
 C - 2 potions of stabbing {unknown}
 D - a potion of invisibility {unknown}
 E - a potion of cancellation
 O - a potion of brilliance {unknown}
 P - a potion of flight {unknown}
Comestibles
 f - 22 rations
 H - 7 chunks of flesh


   Skills:
 + Level 3.4 Fighting
 - Level 15.9 Maces & Flails
 - Level 3.2 Armour
 + Level 3.4 Shields


You had 10 spell levels left.
You didn't know any spells.
Your spell library contained the following spells:

 Spells                   Type           Power        Failure   Level  Hunger
 Magic Dart               Conj           #...         99%         1    ##.....
 Searing Ray              Conj           #.....       100%        2    ###....
 Dazzling Flash           Conj/Hex       #.....       100%        3    ####...
 Fulminant Prism          Conj/Hex       #.........   100%        4    #####..
 Iskenderun's Mystic Bla  Conj/Tloc      #.......     100%        4    #####..


Dungeon Overview and Level Annotations

Branches:
Dungeon (10/15)            Temple (1/1) D:6            Lair (0/6) D:9
  Sewer (visited)
    Orc: D:9-12

Altars:
Ashenzari
Cheibriados
Dithmenos
Elyvilon
Fedhas
Gozag
Hepliaklqana
Kikubaaqudgha
Makhleb
Nemelex Xobeh
Okawaru
Qazlal
Ru
Sif Muna
Trog
Uskayaw
Vehumet
Wu Jian
Xom
Yredelemnul
Zin
The Shining One

Shops:
D:4 =   D:7 (

Annotations:
D:10 1 runed translucent door


Innate Abilities, Weirdness & Mutations

You are resistant to torment.
Your stone body is resilient. (AC +8)
You are immune to poison.
You resist negative energy. (rN+)
You are resistant to electric shocks. (rElec)
You can survive without breathing.
You are immune to petrification.
You are immune to rotting.


Message History

You are too injured to fight recklessly!
You are too injured to fight recklessly!
You whack the wizard!
The wizard is moderately wounded.
The wizard hits you but does no damage.
You hit the wizard. You drain the wizard.
The wizard is heavily wounded.
You whack the wizard!
The wizard is almost dead.
The wizard hits you but does no damage.
You hit the wizard.
The wizard is almost dead.
The wizard points at you and mumbles some strange words.
You resist with some effort.
You hit the wizard.
The wizard is almost dead.
The wizard casts a spell at you. The crystal spear hits you!!
Ouch! That really hurt!
You die...

#...# #..# #...# #..#
#...# #..# #...# #..#
#.))# #..# ###))#
#..####### # .....#
#........# ...
..#.)#####....)..##.....
..#.........####@p......
. #.........# #.?......
. #.........# ####.%...
#..#####..# #.... #..#
#..# #..# #..# #..# ###
#..# #..# #.. ..# #


You could see a wizard (fast, drained).

Vanquished Creatures
  Erica (D:9)
  An ugly thing (D:10)
  A manticore (D:7)
  Maurice (D:9)
  A hornet (D:8)
  2 hippogriffs (D:7)
  Sigmund (D:3)
  2 soldier ants (D:8)
  3 porcupines (D:9)
  4 orc warriors
  2 sky beasts (D:6)
  7 ogres
  2 black bears
  A phantom (D:8)
  2 centaurs (D:9)
  2 big kobolds
  A crocodile (D:9)
  10 bullfrogs
  3 scorpions
  3 killer bees (D:9)
  5 howler monkeys
  7 crimson imps
  2 quasits
  A centaur zombie (D:4)
  A centaur skeleton (D:6)
  3 jellies
  3 orc priests
  7 bullfrog skeletons
  4 hounds
  A gnoll shaman (D:8)
  2 iguanas
  4 orc wizards
  10 worker ants
  2 hound zombies (D:4)
  2 hound skeletons (D:4)
  A worker ant zombie (D:4)
  9 gnolls
  A howler monkey skeleton (D:9)
  12 adders
  An ooze (D:5)
  3 adder skeletons
  An adder zombie (D:5)
  3 worms
  A dart slug (D:4)
  15 leopard geckos
  32 orcs
  14 giant cockroaches
  4 hobgoblins
  5 jackals
  15 kobolds
  2 quokkas
  4 ball pythons
  6 bats
  10 frilled lizards
  A giant cockroach zombie (D:4)
  8 goblins
  2 jackal skeletons (D:4)
  2 leopard gecko skeletons (D:4)
  10 rats
  2 fungi (D:9)
  2 plants (D:9)
270 creatures vanquished.

Vanquished Creatures (others)
  7 fungi (D:9)
7 creatures vanquished.

Grand Total: 277 creatures vanquished

Notes
Turn   | Place    | Note
-------+----------+-------------------------------------------
     0 | D:1      | Delamore the Gargoyle Fighter began the quest for the Orb.
     0 | D:1      | Reached XP level 1. HP: 14/14 MP: 1/1
    10 | D:1      | Noticed an electric eel
   320 | D:1      | Reached XP level 2. HP: 19/19 MP: 2/2
   568 | D:1      | Reached skill level 3 in Maces & Flails
   836 | D:2      | Reached XP level 3. HP: 20/23 MP: 3/3
  1118 | D:1      | Reached skill level 4 in Maces & Flails
  1129 | D:1      | Reached XP level 4. HP: 28/28 MP: 4/4
  1385 | D:2      | Found a hide-covered altar of Uskayaw.
  2201 | D:3      | Found a sacrificial altar of Ru.
  2201 | D:3      | Found a shimmering blue altar of Sif Muna.
  2202 | D:3      | Found a white marble altar of Elyvilon.
  2202 | D:3      | Found a shadowy altar of Dithmenos.
  2202 | D:3      | Found an ornate altar of the Wu Jian Council.
  2202 | D:3      | Found an ancient bone altar of Kikubaaqudgha.
  2229 | D:3      | Noticed Sigmund
  2245 | D:3      | Killed Sigmund
  2245 | D:3      | Reached skill level 6 in Maces & Flails
  2245 | D:3      | Reached XP level 5. HP: 31/32 MP: 5/5
  2245 | D:3      | Reached XP level 6. HP: 36/37 MP: 6/6
  2421 | D:3      | Found a faded altar of an unknown god.
  2926 | D:4      | Reached skill level 7 in Maces & Flails
  2926 | D:4      | Reached XP level 7. HP: 11/41 MP: 7/7
  3451 | D:4      | Found Rem Qysti's Jewellery Emporium.
  3566 | D:4      | Reached skill level 8 in Maces & Flails
  3815 | D:5      | Entered Level 5 of the Dungeon
  4716 | D:5      | Reached skill level 9 in Maces & Flails
  4716 | D:5      | Reached XP level 8. HP: 18/46 MP: 8/8
  5103 | D:6      | Found a staircase to the Ecumenical Temple.
  5119 | Temple   | Entered the Ecumenical Temple
  5197 | D:6      | Reached skill level 10 in Maces & Flails
  5205 | D:6      | Found a glowing drain.
  5251 | Sewer    | Entered a sewer
  5849 | D:6      | Found an opulent altar of Gozag.
  5877 | D:6      | Reached skill level 11 in Maces & Flails
  5877 | D:6      | Reached XP level 9. HP: 40/51 MP: 9/9
  6021 | D:6      | Found a shattered altar of Ashenzari.
  6028 | D:6      | Found an iron altar of Okawaru.
  6035 | D:6      | Became a worshipper of Warmaster Okawaru
  6246 | D:7      | Found Fung's Antique Weapon Emporium.
  6252 | D:7      | Bought a warped whip for 195 gold pieces
  6252 | D:7      | Identified the +6 whip of Wu Jian's Grace {drain, rPois
                  | rC+} (You bought it in a shop on level 7 of the Dungeon)
  6301 | D:7      | Found a stormy altar of Qazlal.
  6422 | D:7      | Found a hazy altar of Hepliaklqana.
  6514 | D:7      | Noticed a manticore
  6526 | D:7      | Killed a manticore
  6526 | D:7      | Reached * piety under Okawaru
  6526 | D:7      | Reached skill level 12 in Maces & Flails
  7163 | D:8      | Reached ** piety under Okawaru
  7195 | D:8      | Reached skill level 13 in Maces & Flails
  7309 | D:8      | Reached XP level 10. HP: 29/56 MP: 10/10
  7653 | D:8      | Found the +2 cloak of the Thief {+Fog Slay-2 SInv Stlth+}
  7687 | D:8      | Reached *** piety under Okawaru
  7855 | D:8      | Reached skill level 14 in Maces & Flails
  8141 | D:8      | Found a snail-covered altar of Cheibriados.
  8425 | D:9      | Found a staircase to the Lair.
  8465 | D:9      | Reached **** piety under Okawaru
  8570 | D:10     | Entered Level 10 of the Dungeon
  8798 | D:9      | Noticed Maurice
  8815 | D:9      | Killed Maurice
  8815 | D:9      | Reached skill level 15 in Maces & Flails
  8883 | D:9      | Noticed Erica
  8916 | D:9      | Killed Erica
  8916 | D:9      | Reached ***** piety under Okawaru
  8916 | D:9      | Received a gift from Okawaru
  8916 | D:9      | Reached XP level 11. HP: 48/60 MP: 11/11
  8921 | D:9      | Noticed a red ugly thing
  9079 | D:10     | Killed a red ugly thing
  9346 | D:10     | Found an ancient bone altar of Kikubaaqudgha.
  9367 | D:10     | Found a huge runed translucent gate.
  9599 | D:9      | Noticed a wizard
  9620 | D:9      | Killed from afar by a wizard

Illustrated notes

Levels and vault maps discovered:
D:1:      arrival_aquarium_a, layout_basic
D:2:      layout_loops_ring, marbit_many_paths
D:3:      layout_loops_ring, grunt_temple_overflow_open,
          chequers_ecumenical_altar_simple, first_ration, uniq_sigmund
D:4:      layout_cave_pods, serial_shops, nicolae_shop_behind_doors,
          serial_undead, serial_undead_a, serial_undead_e, serial_undead_e,
          serial_undead_b, serial_undead_c, st_stairs_5
D:5:      layout_loops_cross, minmay_joined_circles
D:6:      layout_rooms, overflow_temple_1_default,
          amethyst_overflow_temple_binary, temple_fountains,
          gup_sewer_entry_glass
D:7:      layout_loops_ring, lemuel_round_altar, grunt_qazlal_sundering,
          serial_shops, shop
D:8:      layout_rooms, cheibrodos_worm_habitat, hangedman_pestilent_swarm
D:9:      layout_long_grid, due_lair_maze_entry_diamond, special_room
          [special_room_orc], lightli_wizard_tower, uniq_erica, uniq_maurice
D:10:     lemuel_bear_cage, layout_loops_ring, basic_altar
Temple:   nicolae_temple_figure_zero

Skill      XL: |  1  2  3  4  5  6  7  8  9 10 |
---------------+-------------------------------+-----
Maces & Flails | 3 4 6 7 9 11 13 15 | 15.9
Fighting       | |  3.4
Armour         | |  3.2
Shields        | |  3.4

Action                   |  1- 3 |  4- 6 |  7- 9 | 10-12 || total
-------------------------+-------+-------+-------+-------++-------
Melee: Whip              |    98 |   200 |   312 |   431 ||  1041
       Flail             |    11 |       |   258 |       ||   269
 Abil: Evoke Flight      |       |       |     2 |       ||     2
  Use: Scroll            |     2 |     1 |    10 |       ||    13
 Stab: Distracted        |     1 |       |       |       ||     1
  Eat: Chunk             |     1 |     3 |    14 |     8 ||    26
       Ration            |       |     1 |       |       ||     1
Armor: Chain mail        |    43 |     7 |       |       ||    50
       Fire dragon scale |       |    97 |   318 |   171 ||   586
Dodge: Dodged            |    21 |    42 |   133 |   121 ||   317
Block: Kite shield       |    44 |    84 |   213 |   194 ||   535
